 Dungeon Crawl Stone Soup version 0.31-a0-1338-gb567cfdca4 (webtiles) character file.

Game seed: 15745848023369030530

842 bmb222 the Trooper (level 8, -18/121 HPs)
             Began as an Oni Shapeshifter on Dec 22, 2023.
             Killed by an exploding Eustachio (22 damage)
             ... ignited by their inner flame
             ... on level 6 of the Dungeon.
             The game lasted 00:06:29 (5369 turns).

bmb222 the Trooper (Oni Shapeshifter)               Turns: 5369, Time: 00:06:29

Health: -18/121    AC: 24    Str: 21    XL:     8   Next: 0%
Magic:  0/17       EV:  1    Int: 11    God:
Gold:   291        SH:  0    Dex:  8    Spells: 7/7 levels left

rFire   . .          .
                       - Unarmed
rCold   . . .        (no shield)
rNeg    . . .        h - melded +2 robe
rPois   +            (helmet currently unavailable)
rElec   .            (cloak currently unavailable)
rCorr   .            (gloves unavailable)
SInv    .            (boots unavailable)
Will    .....        p - amulet of guardian spirit
Stlth   ++           o - ring of magical power
HPRegen 0.40/turn    (no ring)
MPRegen 0.15/turn

%: guardian spirit
@: lethally poisoned (-18 -> -27), tree-form
A: stationary, stasis, torment immunity, boosted hp, drunken brawling, large,
unfitting armour, (horns 1), (tough skin 1), double potion healing, inability to
read after injury 1, (sturdy frame 1)
a: no special abilities


You were on level 6 of the Dungeon.
You were a tree.
You visited 1 branch of the dungeon, and saw 6 of its levels.

You collected 291 gold pieces.

Inventory:

Armour
 a - a +1 animal skin
 h - a +2 robe (melded)
 m - a scarf of invisibility
 t - the +5 robe of Misfortune {Harm *Corrode *Slow EV+5}
   (You found it on level 3 of the Dungeon)

   EV+5:      It affects your evasion (+5).
   *Corrode:  It may corrode you when you take damage.
   *Slow:     It may slow you when you take damage.
   Harm:      It increases damage dealt and taken.
 v - a scarf of shadows
 y - a +0 buckler
Jewellery
 g - a +4 ring of protection
 o - a ring of magical power (left branch)
 p - an amulet of guardian spirit (around neck)
 s - a ring of fire
Talismans
 c - a beast talisman
 d - a flux talisman
Wands
 j - a wand of flame (9)
Scrolls
 e - a scroll of vulnerability
 n - 3 scrolls of teleportation


   Skills:
 * Level 5.5 Fighting
 + Level 3.9 Dodging
 - Level 2.3 Stealth
 * Level 4.6 Unarmed Combat
 + Level 4.5 Shapeshifting


You had 7 spell levels left.
You didn't know any spells.
Your spell library contained the following spells:

 Spells                   Type           Power      Damage    Failure   Level
 Call Canine Familiar     Summ           0%         N/A       71%         3
 Sigil of Binding         Hex            0%         N/A       71%         3
 Dimensional Bullseye     Hex/Tloc       0%         N/A       98%         4


Dungeon Overview and Level Annotations

Branches:
Dungeon (6/15)
 Temple: D:4-7

Altars:

Shops:
D:2 :*(

Annotations:
D:4 Duvessa, Pikel


Innate Abilities, Weirdness & Mutations

You are a tree.
Your roots penetrate the ground, keeping you stationary.
You cannot be teleported.
You are immune to unholy pain and torment.
Your maximum health is greatly increased.
Your equipment is partially melded.
Whenever you drink a potion that restores your health or magic, you attack all enemies around you.
You are too large for most types of armour.
((You have a pair of small horns on your head.))
((You have tough skin. (AC +1)))
Whenever you drink a potion that restores your health or magic, it restores twice as much.
You occasionally lose the ability to read scrolls when taking damage.
((Your movements are slightly less encumbered by armour. (ER -2)))


Message History

The iron imp hits you but does no damage.
The iron imp hits you.
* * * LOW HITPOINT WARNING * * *
The howler monkey hoots and howls with incredible vigour!
Something shouts, "Slither hence, thou fawning nut-hook bootlicker!"
As you read the scroll labelled YSIUQO ECRU, it crumbles to dust.
You cannot blink because you are held in place by your roots.
It was a scroll of blinking.
You feel very sick. The rat bites you.
* * * LOW HITPOINT WARNING * * *
The river rat bites you but does no damage.
Eustachio hits you with a +6 rapier of venom.
* * * LOW HITPOINT WARNING * * *
The iron imp hits you but does no damage. x2
The iron imp barely misses you.
As you read the scroll of immolation, it crumbles to dust.
The creatures around you are filled with an inner flame!
* * * LOW HITPOINT WARNING * * *
You feel very sick. The rat bites you but does no damage.
The river rat bites you but does no damage.
Eustachio hits you with a +6 rapier of venom!
* * * LOW HITPOINT WARNING * * *
The iron imp hits you but does no damage. x2
You smack Eustachio!
Flame seeps out of Eustachio.
Eustachio is severely wounded.
* * * LOW HITPOINT WARNING * * *
You feel very sick. The rat bites you but does no damage.
The river rat bites you but does no damage.
The iron imp hits you but does no damage.
Eustachio is engulfed in blazing flames.
The iron imp disappears in a puff of smoke! x3
The river rat disappears in a puff of smoke!
The rat disappears in a puff of smoke!
Eustachio explodes!
The fiery explosion engulfs the howler monkey!!!
The fiery explosion engulfs you!!
You die...

. +........
#.....###
#.....#
######.....####
.#..............
.'.........####
##.....h...#
)....§§§...#
.....§○♣§..#
.....§§§...#
..#####....# ..
###.... ...##
####


You could see a black bear (inner flame).

Vanquished Creatures
  Grinder (D:5)
  Eustachio (D:6)
  Edmund (D:4)
  3 lemures (D:3)
  Blork the orc (D:4)
  A scorpion (D:4)
  Dowan (D:4)
  A howler monkey (D:6)
  An orc priest (D:3)
  A sleepcap (D:4)
  2 iguanas
  Natasha (thrice) (D:3)
  3 orc wizards
  A gnoll (D:1)
  3 adders
  A worm (D:5)
  3 dart slugs
  5 orcs
  8 ball pythons
  5 endoplasms
  4 giant cockroaches
  3 goblins
  5 hobgoblins
  7 jackals
  5 quokkas
  7 bats
  2 frilled lizards
  6 kobolds
  3 rats
88 creatures vanquished.

Notes
Turn   | Place    | Note
-------+----------+-------------------------------------------
     0 | D:1      | bmb222 the Oni Shapeshifter began the quest for the Orb.
     0 | D:1      | Reached XP level 1. HP: 19/19 MP: 1/1
   141 | D:1      | Reached XP level 2. HP: 28/28 MP: 2/2
   178 | D:1      | Reached skill level 2 in Fighting
   275 | D:1      | Reached XP level 3. HP: 16/35 MP: 3/3
   992 | D:2      | Reached XP level 4. HP: 37/44 MP: 4/4
  1037 | D:2      | Found Tuozucip's Book Shoppe.
  1037 | D:2      | Noticed a walking crystal tome
  1040 | D:2      | Noticed a walking earthen tome
  1109 | D:2      | Found Tetyicoi's Weapon Shop.
  1109 | D:2      | Found Bemn's Assorted Antiques.
  1156 | D:2      | Found a faded altar of an unknown god.
  1419 | D:3      | Found the +5 robe of Misfortune {Harm *Corrode *Slow EV+5}
  1530 | D:3      | Noticed Natasha
  1538 | D:3      | Killed Natasha
  1539 | D:3      | Reached skill level 3 in Fighting
  1599 | D:3      | Noticed Natasha
  1604 | D:3      | Reached XP level 5. HP: 44/53 MP: 5/5
  1613 | D:3      | Killed Natasha
  1910 | D:3      | Noticed Natasha
  1916 | D:3      | Killed Natasha
  2339 | D:4      | Reached XP level 6. HP: 59/62 MP: 6/6
  2564 | D:4      | Noticed Pikel
  2686 | D:4      | Noticed Dowan
  2688 | D:4      | Noticed Duvessa
  2731 | D:3      | Gained mutation: You sometimes lose your temper in combat.
                  | [potion of mutation]
  2731 | D:3      | Gained mutation: You are somewhat resistant to further
                  | mutation. [potion of mutation]
  2732 | D:3      | Lost mutation: You are somewhat resistant to further
                  | mutation. [potion of mutation]
  2732 | D:3      | Lost mutation: You sometimes lose your temper in combat.
                  | [potion of mutation]
  2732 | D:3      | Gained mutation: You occasionally lose the ability to read
                  | scrolls when taking damage. [potion of mutation]
  2732 | D:3      | Gained mutation: Your movements are slightly less
                  | encumbered by armour. (ER -2) [potion of mutation]
  3053 | D:4      | Killed Dowan
  3054 | D:4      | Reached skill level 4 in Fighting
  3054 | D:4      | Reached skill level 1 in Stealth
  3184 | D:5      | Entered Level 5 of the Dungeon
  3234 | D:5      | Noticed Grinder
  3308 | D:4      | Noticed Edmund
  3349 | D:4      | Killed Edmund
  3350 | D:4      | Reached XP level 7. HP: 18/71 MP: 0/7
  3848 | D:4      | Noticed Blork the orc
  3862 | D:4      | Killed Blork the orc
  5121 | D:5      | Killed Grinder
  5122 | D:5      | Reached skill level 5 in Fighting
  5122 | D:5      | Reached XP level 8. HP: 74/81 MP: 8/8
  5342 | D:6      | Noticed Eustachio
  5368 | D:6      | HP: 6/121 [Eustachio/+6 rapier of venom (8)]
  5369 | D:6      | Killed Eustachio
  5369 | D:6      | Killed by an exploding Eustachio... ignited by their inner
                  | flame

Illustrated notes

Levels and vault maps discovered:
D:1:      tarquinn_simple_flora_water_e, layout_basic, minmay_pentomino_z2
D:2:      layout_loops_ring, serial_shops, shop, nicolae_shop_mannequins, shop,
          basic_ecumenical_altar
D:3:      layout_basic, chequers_serial_rivers_small_3, uniq_natasha
D:4:      layout_layer_cave, uniq_duvessa, uniq_edmund, uniq_blork_the_orc,
          uniq_pikel
D:5:      layout_basic, uniq_grinder
D:6:      layout_gridville, general_overflow_altar,
          nicolae_ru_the_path_less_chosen, lemuel_temple_firewalk_b,
          small_statue_intersection, uniq_prince_ribbit1, uniq_eustachio,
          uniq_jeremiah

Skill      XL: |  1  2  3  4  5  6  7 |
---------------+----------------------+-----
Dodging        | 2 3 |  3.9
Fighting       | 2 3 4 5 |  5.5
Unarmed Combat | 3 4 |  4.6
Stealth        | 1 2 |  2.3
Shapeshifting  | 4 |  4.5

Action                     |  1- 3 |  4- 6 |  7- 9 || total
---------------------------+-------+-------+-------++-------
  Melee: Unarmed           |    68 |   179 |    78 ||   325
         Punch             |     3 |     1 |     3 ||     7
         Headbutt          |     5 |    43 |    16 ||    64
  Evoke: Wand              |       |     4 |       ||     4
    Use: Scroll            |       |    11 |     2 ||    13
         Potion            |       |     8 |     2 ||    10
   Stab: Sleeping          |       |       |     1 ||     1
 Armour: Animal skin       |    38 |   109 |     7 ||   154
         Skin              |       |     1 |    34 ||    35
         Robe              |       |       |    52 ||    52
  Dodge: Dodged            |    35 |    75 |    37 ||   147

Table legend: (Time is in decaauts)
 A = Elapsed time spent in this place.
 B = Non-inter-level travel time spent in this place.
 C = Inter-level travel time spent in this place.
 D = Time resting spent in this place.
 E = Time spent auto-exploring this place.
 F = Levels seen in this place.
 G = Mean time per level.
                   A        B        C        D        E       F      G
               +--------+--------+--------+--------+--------+-----+--------+
         Total |   5352 |   4989 |    363 |    648 |   3536 |   6 |  892.0 |
       Dungeon |   5352 |   4989 |    363 |    648 |   3536 |   6 |  892.0 |
               +--------+--------+--------+--------+--------+-----+--------+

Top non-repeatable levels by time:
     D:4: 1969 daAuts
     D:3: 1218 daAuts
     D:5: 747 daAuts
     D:2: 703 daAuts
     D:1: 678 daAuts
     D:6: 35 daAuts
